 Dungeon Crawl Stone Soup version 0.32-a0-868-g153ae1a8d6 (webtiles) character file.

Game seed: 11936909433687492808

1824 dialectric the Trooper (level 8, -4/74 HPs)
             Began as a Minotaur Fighter on Mar 28, 2024.
             Was an Initiate of Gozag.
             Slain by a two-headed ogre
             ... wielding a +0 giant spiked club
              (15 damage)
             ... on level 7 of the Dungeon.
             The game lasted 00:05:26 (4935 turns).

dialectric the Trooper (Minotaur Fighter)           Turns: 4935, Time: 00:05:26

Health: -4/74      AC: 11    Str: 23      XL:     8   Next: 86%
Magic:  7/7        EV: 12    Int:  5      God:    Gozag
Gold:   981        SH:  0    Dex:  9 (10) Spells: 7/7 levels left

rFire   . . .        a - +0 flail
rCold   . . .        (no shield)
rNeg    . . .        d - +1 leather armour {rPois}
rPois   +            (helmet restricted)
rElec   .            h - +0 cloak
rCorr   .            j - +1 pair of gloves
SInv    .            v - +1 pair of boots
Will    .....        y - amulet of regeneration
Stlth   +            (no ring)
HPRegen 1.12/turn    (no ring)
MPRegen 0.10/turn

%: no passive effects
@: no status effects
A: horns 2, retaliatory headbutt
a: Renounce Religion, Potion Petition, Call Merchant, Bribe Branch


You were on level 7 of the Dungeon.
You worshipped Gozag.
Gozag was pleased with you.
You visited 1 branch of the dungeon, and saw 7 of its levels.

You collected 981 gold pieces.

Inventory:

Hand Weapons
 a - a +0 flail (weapon)
Missiles
 k - 6 silver javelins (quivered)
Armour
 b - a +0 scale mail
 c - a +0 buckler
 d - a +1 leather armour of poison resistance (worn)
 h - a +0 cloak (worn)
 j - a +1 pair of gloves (worn)
 v - a +1 pair of boots (worn)
Jewellery
 y - an amulet of regeneration (around neck)
 B - a ring of fire
Wands
 p - a wand of flame (20)
 t - a wand of acid (3)
Scrolls
 e - 2 scrolls of fear
 g - a scroll of butterflies {unknown}
 i - 6 scrolls of teleportation
 l - a scroll of immolation
 m - 2 scrolls of amnesia {unknown}
 q - a scroll of enchant weapon {unknown}
 u - 3 scrolls of vulnerability {unknown}
 w - 2 scrolls of fog {unknown}
 x - a scroll of torment {unknown}
 A - a scroll of poison
Potions
 f - a potion of degeneration {unknown}
 n - a potion of haste
 o - 6 potions of curing
 r - 2 potions of resistance
 s - a potion of ambrosia {unknown}
 z - a potion of heal wounds


   Skills:
 + Level 7.7 Fighting
 + Level 7.3 Maces & Flails
 + Level 7.7 Armour
 + Level 6.1 Dodging
 - Level 3.6 Shields


You had 7 spell levels left.
You didn't know any spells.
Your spell library contained the following spells:

 Spells                   Type           Power      Damage    Failure   Level
 Apportation              Tloc           0%         N/A       52%         1
 Necrotise                Necr           0%         1d4       52%         1
 Sting                    Conj/Alch      0%         1d3       52%         1
 Summon Small Mammal      Summ           0%         N/A       52%         1
 Call Canine Familiar     Summ           0%         N/A       87%         3
 Sigil of Binding         Hex            0%         N/A       87%         3
 Teleport Other           Tloc           0%         N/A       87%         3
 Dimensional Bullseye     Hex/Tloc       0%         N/A       99%         4
 Dispersal                Tloc           0%         N/A       100%        6
 Gell's Gavotte           Tloc           0%         2d(11-16) 100%        6


Dungeon Overview and Level Annotations

Branches:
Dungeon (7/15)             Temple (0/1) D:5

Altars:
Ashenzari
Elyvilon
Gozag
Hepliaklqana
Kikubaaqudgha
Okawaru
Ru
Sif Muna
Trog
Uskayaw
Wu Jian


Innate Abilities, Weirdness & Mutations

You have a pair of horns on your head.
You reflexively headbutt those who attack you in melee.


Message History

The orc shouts!
The two-headed ogre shouts in stereo!
The two-headed ogre is no longer distracted by gold.
The two-headed ogre is distracted by your dazzling golden aura.
An orc comes into view. It is wielding a +0 trident.
Unknown command.
The two-headed ogre is no longer distracted by gold.
The two-headed ogre closely misses you.
The two-headed ogre hits you with a +0 giant spiked club!
The two-headed ogre hits you with a +0 giant spiked club!!
* * * LOW HITPOINT WARNING * * *
The two-headed ogre barely misses you.
There is an open door, spattered with blood here.
You see here 6 gold pieces.
Aiming: Corrosive Bolt
Press: ? - help, Shift-Dir - straight line, f - two-headed ogre
Aim: a two-headed ogre, wielding two +0 giant spiked clubs (lightly wounded, 86% to hit)
The bolt of acid hits the two-headed ogre!
The acid corrodes the two-headed ogre!
The two-headed ogre is lightly wounded.
The bolt of acid hits the orc warrior!
The orc warrior is heavily wounded.
The bolt of acid hits the orc priest!
The acid corrodes the orc priest!
The orc priest is severely wounded.
The orc priest calls upon Beogh to heal the orc warrior.
The orc warrior is healed somewhat.
Aiming: Corrosive Bolt
Press: ? - help, Shift-Dir - straight line, f/p - two-headed ogre
Aim: a two-headed ogre, wielding two +0 giant spiked clubs (lightly wounded, covered in acid, 86% to hit)
The bolt of acid hits the two-headed ogre!
The two-headed ogre seems to be corroded for longer.
The two-headed ogre is heavily wounded.
The bolt of acid hits the orc warrior!
The acid corrodes the orc warrior!
The orc warrior is heavily wounded.
The bolt of acid misses the orc priest.
The bolt of acid hits the orc.
The orc is almost dead.
The two-headed ogre hits you with a +0 giant spiked club!
* * * LOW HITPOINT WARNING * * *
The two-headed ogre hits you with a +0 giant spiked club!
You die...
Your body crumbles into a pile of gold.

..# #.........######.#
..# #.###.##### #.# ..#
#.# #.# #.##### .##
#.###+# #.#...# ...
..##...## #...#.#
#######.....## ####...#
....##....o..## ##.###.##
.##.#.........####...##.#
....'......oo.oO@....[#.#
.##<#.........####...##.#
## ##.......######.###.#
# ##.....###.......#.# #
##...## #.#####.#.# ##+#
# ###.#.# #.....# #.#.###
###.###.#.#


You could see a two-headed ogre (corroded), an orc warrior (corroded), an orc
priest (corroded) and 2 orcs.

Vanquished Creatures
  Eustachio (D:6)
  A water moccasin (D:6)
  3 ice beasts
  A black bear (D:6)
  2 ogres
  A centaur (D:6)
  A kobold brigand (D:5)
  2 scorpions
  4 wights (D:5)
  A bombardier beetle (D:6)
  2 jellies
  Crazy Yiuf (D:2)
  A hound (D:4)
  2 sleepcaps
  4 iguanas
  An orc wizard (D:3)
  9 adders
  3 gnolls (D:5)
  2 shadow imps
  3 white imps
  4 dart slugs
  6 orcs
  8 ball pythons
  16 bats
  4 endoplasms
  6 giant cockroaches
  6 hobgoblins
  7 jackals
  A quokka (D:1)
  4 frilled lizards
  7 goblins
  6 kobolds
  7 rats
127 creatures vanquished.

Notes
Turn   | Place    | Note
-------+----------+-------------------------------------------
     0 | D:1      | dialectric the Minotaur Fighter began the quest for the
                  | Orb.
     0 | D:1      | Reached XP level 1. HP: 19/19 MP: 0/0
   121 | D:1      | Reached XP level 2. HP: 25/27 MP: 1/1
   138 | D:1      | Reached skill level 1 in Dodging
   314 | D:1      | Reached XP level 3. HP: 33/33 MP: 2/2
   505 | D:1      | Found a broken altar of Ashenzari.
   565 | D:2      | Found a faded altar of an unknown god.
   611 | D:2      | Prayed at the altar of an unknown god.
   611 | D:2      | Became a worshipper of Gozag Ym Sagoz the Greedy
   729 | D:2      | Found a runed translucent door.
   730 | D:2      | Noticed Crazy Yiuf
   738 | D:2      | HP: 1/32 [poisoned by Crazy Yiuf]
   738 | D:2      | Killed Crazy Yiuf
   739 | D:2      | Reached XP level 4. HP: 2/41 MP: 3/3
  1394 | D:3      | Found a shimmering blue altar of Sif Muna.
  1394 | D:3      | Found a hide-covered altar of Uskayaw.
  1396 | D:3      | Found an ancient bone altar of Kikubaaqudgha.
  1396 | D:3      | Found a sacrificial altar of Ru.
  1400 | D:3      | Found an ornate altar of the Wu Jian Council.
  1588 | D:3      | Reached XP level 5. HP: 47/47 MP: 4/4
  2091 | D:4      | Reached skill level 5 in Fighting
  2091 | D:4      | Reached skill level 5 in Armour
  2179 | D:4      | Found a hazy altar of Hepliaklqana.
  2228 | D:4      | Reached XP level 6. HP: 40/56 MP: 5/5
  2361 | D:4      | Found an iron altar of Okawaru.
  2759 | D:5      | Entered Level 5 of the Dungeon
  2759 | D:5      | Noticed an ice beast
  2760 | D:5      | Noticed an ice beast
  2789 | D:4      | Killed an ice beast
  2927 | D:4      | Killed an ice beast
  2928 | D:4      | Reached skill level 5 in Maces & Flails
  2928 | D:4      | Reached XP level 7. HP: 62/62 MP: 6/6
  3425 | D:5      | Found a white marble altar of Elyvilon.
  3559 | D:5      | Found a staircase to the Ecumenical Temple.
  3892 | D:5      | Found a broken altar of Ashenzari.
  4065 | D:6      | Reached skill level 5 in Dodging
  4065 | D:6      | Reached XP level 8. HP: 71/71 MP: 7/7
  4288 | D:6      | Noticed Eustachio
  4451 | D:6      | Killed Eustachio
  4837 | D:7      | Found a bloodstained altar of Trog.
  4921 | D:7      | Noticed a two-headed ogre
  4935 | D:7      | Slain by a two-headed ogre

Illustrated notes

Levels and vault maps discovered:
D:1:      dpeg_arrival_water_altar, layout_rooms
D:2:      layout_rooms, shapermc_ecumenical_altar_notcrosses,
          uniq_crazy_yiuf_cottage
D:3:      layout_basic, grunt_temple_overflow_open, columned_hall_lemuel
D:4:      layout_rooms, nicolae_overflow_crystal_walls,
          okawaru_metal_pillars_1_2
D:5:      layout_rooms, elyvilon_altar_3, kennysheep_mini,
          minmay_temple_entry_gardened_gates, roderic_batcave, st_stairs_11,
          amcnicky_mini_pool_small
D:6:      layout_basic, minmay_circle_x, uniq_eustachio
D:7:      layout_loops_corners, lemuel_crystal_altar

Skill      XL: |  1  2  3  4  5  6  7  8 |
---------------+-------------------------+-----
Dodging        | 1 2 3 5 6 |  6.1
Fighting       | 4 5 6 7 |  7.7
Armour         | 4 5 6 7 |  7.7
Maces & Flails | 3 4 5 6 7 |  7.3
Shields        | |  3.6

Action                     |  1- 3 |  4- 6 |  7- 9 || total
---------------------------+-------+-------+-------++-------
  Melee: Flail             |    61 |   136 |   162 ||   359
         Headbutt          |     7 |    25 |    24 ||    56
  Evoke: Wand              |       |       |     2 ||     2
    Use: Potion            |     2 |     3 |     2 ||     7
         Scroll            |       |     4 |     4 ||     8
 Armour: Scale mail        |    41 |   139 |   175 ||   355
         Leather armour    |       |       |    11 ||    11
  Dodge: Dodged            |    47 |    76 |   144 ||   267

Table legend: (Time is in decaauts)
 A = Elapsed time spent in this place.
 B = Non-inter-level travel time spent in this place.
 C = Inter-level travel time spent in this place.
 D = Time resting spent in this place.
 E = Time spent auto-exploring this place.
 F = Levels seen in this place.
 G = Mean time per level.
                   A        B        C        D        E       F      G
               +--------+--------+--------+--------+--------+-----+--------+
         Total |   4984 |   4712 |    272 |    514 |   3107 |   7 |  712.0 |
       Dungeon |   4984 |   4712 |    272 |    514 |   3107 |   7 |  712.0 |
               +--------+--------+--------+--------+--------+-----+--------+

Top non-repeatable levels by time:
     D:4: 1180 daAuts
     D:3: 976 daAuts
     D:5: 724 daAuts
     D:6: 723 daAuts
     D:2: 693 daAuts
     D:1: 545 daAuts
     D:7: 141 daAuts
